Match 45462074
Unlisted

Match 45462074
End
Engineer Squad
Construct Barracks
Riflemen Squad
Riflemen Squad
Selects Advanced Infantry Battlegroup
M1 Mortar Team
Infantry Support Center
Construct Medical Station
Selects Convert to Ranger Squad
MegaMan
EMSO
potatoo
Vanghoul
生是中国人死是中国僵
マウ
0
0

Comments sign in to comment!

No comments posted yet!